 Dungeon Crawl Stone Soup version 0.19-a0-1682-g5114f93 (webtiles) character file.

69 st0uf the Skirmisher (level 4, 33/37 HPs)
             Began as a Demonspawn Fighter on Sept 24, 2016.
             Quit the game on level 2 of the Dungeon.
             The game lasted 00:03:33 (1282 turns).

st0uf the Skirmisher (Demonspawn Fighter)           Turns: 1282, Time: 00:03:34

Health: 33/37      AC:  9    Str: 17    XL:     4   Next: 2%
Magic:  4/4        EV:  9    Int: 10    God:
Gold:   61         SH:  0    Dex: 12    Spells: 0 memorised, 3 levels left

rFire  . . .     SeeInvis .     a - +0 war axe
rCold  . . .     Gourm    .     b - +0 scale mail
rNeg   . . .     Faith    .     (no shield)
rPois  .         Spirit   .     (helmet restricted)
rElec  .         Dismiss  .     (no cloak)
rCorr  .         Reflect  .     (no gloves)
MR     .....     Harm     .     (no boots)
Stlth  ..........               (no amulet)
                                (no ring)
                                (no ring)

@: no status effects
A: antennae 1, icy blue scales 1
a: no special abilities


You were on level 2 of the Dungeon.
You were not hungry.

You visited 1 branch of the dungeon, and saw 2 of its levels.

You collected 61 gold pieces.

Inventory:

Hand Weapons
 a - a +0 war axe (weapon)
Armour
 b - a +0 scale mail (worn)
Scrolls
 c - 2 scrolls of teleportation {unknown}
 e - a scroll of identify {unknown}
 h - a scroll of enchant armour {unknown}
 i - 2 scrolls of fear {unknown}
 l - a scroll of random uselessness {unknown}
 n - a scroll of amnesia {unknown}
Potions
 d - a potion of might
 g - 2 potions of curing {unknown}
 m - a potion of degeneration {unknown}
Comestibles
 f - 2 bread rations
 k - a meat ration


   Skills:
 * Level 3.8 Fighting
 * Level 2.6 Axes
 + Level 2.9 Armour
 + Level 1.1 Dodging
   Level 2.6 Shields


You had 3 spell levels left.
You didn't know any spells.

Dungeon Overview and Level Annotations

Branches:
Dungeon (2/15)

Altars:
Vehumet


Innate Abilities, Weirdness & Mutations

You have a pair of small antennae on your head.
You are partially covered in icy blue scales. (AC +2)


Message History

The dart slug is heavily wounded.
The dart slug bites you but does no damage.
You hit the dart slug but do no damage.
The dart slug is heavily wounded.
The dart slug launches a dart at you. The slug dart hits you!
You slash the dart slug!
You kill the dart slug!
You have reached level 4!
You feel clever.
Your demonic ancestry asserts itself...
A pair of antennae grows on your head!
Quiver which item? (- for none, * to show all) (? for menu, Esc to quit)
You don't have any such object.
Quiver which item? (- for none, * to show all) (? for menu, Esc to quit)
You don't have any such object.
Quiver which item? (- for none, * to show all) (? for menu, Esc to quit)
Huh?
Quiver which item? (- for none, * to show all) (? for menu, Esc to quit)
Okay, then.
Are you sure you want to abandon this character and quit the game? (Confirm with "yes".)

####...##.######.#...####........
'.......................'........
####......######.#...####........
# ##.##### #.##.## ##....... #..#
#.#### ##.....# ##.# #.# ##...##
#.# #.# #+## #.# #.######
######.# #@.....# .......#
#......# ######## #...##.# #...#
.. #...# #...# #.[.. ###.##


There were no monsters in sight!

Vanquished Creatures
  2 adders (D:2)
  3 dart slugs
  2 leopard geckos
  A ball python (D:2)
  2 giant cockroaches
  5 goblins
  3 hobgoblins
  5 jackals
  3 kobolds
  7 bats
  A frilled lizard (D:1)
  6 rats
40 creatures vanquished.

Notes
Turn   | Place    | Note
-------+----------+-------------------------------------------
     0 | D:1      | st0uf the Demonspawn Fighter began the quest for the Orb.
     0 | D:1      | Reached XP level 1. HP: 18/18 MP: 1/1
   142 | D:1      | Gained mutation: You are partially covered in icy blue scales. (AC +2) [demonic ancestry]
   142 | D:1      | Reached XP level 2. HP: 24/24 MP: 2/2
   573 | D:2      | Reached XP level 3. HP: 28/29 MP: 3/3
   953 | D:2      | Reached skill level 1 in Dodging
  1169 | D:2      | Found a radiant altar of Vehumet.
  1281 | D:2      | Gained mutation: You have a pair of small antennae on your head. [demonic ancestry]
  1281 | D:2      | Reached XP level 4. HP: 33/37 MP: 4/4
  1282 | D:2      | Quit the game

Vault maps used:
D:1:      lightli_arrival_statue_moat
D:2:      fiery_altar_vehumet

Skill      XL: |  1  2  3 |
---------------+----------+-----
Axes           | 2 |  2.6
Dodging        | 1 |  1.1
Fighting       | |  3.8
Armour         | |  2.9
Shields        | |  2.6

Action                   |  1- 3 |  4- 6 || total
-------------------------+-------+-------++-------
Melee: War axe           |   122 |       ||   122
  Eat: Chunk             |     1 |       ||     1
Armor: Scale mail        |   110 |       ||   110
Dodge: Dodged            |    99 |       ||    99
